 Dungeon Crawl Stone Soup version 0.28-a0-1565-g95a8017c83 (webtiles) character file.

Game seed: 18327388112650417193

700 kae the Ruffian (level 7, -18/57 HPs)
             Began as a Pale Draconian Transmuter on Jan 19, 2022.
             Killed from afar by an acid dragon (23 damage)
             ... with a splash of acid
             ... on level 5 of the Dungeon.
             The game lasted 00:03:34 (5854 turns).

kae the Ruffian (Pale Draconian Transmuter)         Turns: 5854, Time: 00:03:35

Health: -18/57     AC:  2    Str: 13    XL:     7   Next: 38%
Magic:  10/11      EV: 12    Int: 15    God:
Gold:   258        SH:  0    Dex: 11    Spells: 4/12 levels left

rFire   . . .      SeeInvis .     - Unarmed
rCold   . . .      Faith    .   (no shield)
rNeg    . . .      Spirit   .   (armour unavailable)
rPois   .          Reflect  .   (helmet restricted)
rElec   .          Harm     .   (no cloak)
rCorr   .          Rampage  .   (no gloves)
Will    .....                   (no boots)
Stlth   +.........              (no amulet)
HPRegen 0.19/turn               (no ring)
MPRegen 0.12/turn               (no ring)

@: mighty, corroded
A: breathe steam, AC +6, unfitting armour, cold-blooded, steam resistance
a: Breathe Steam


You were on level 5 of the Dungeon.
You visited 1 branch of the dungeon, and saw 5 of its levels.

You collected 258 gold pieces.

Inventory:

Jewellery
 h - an amulet of regeneration
Wands
 a - a wand of mindburst (15)
 g - a wand of flame (27)
Scrolls
 d - a scroll of identify
 j - a scroll of vulnerability
 m - a scroll of enchant armour
 n - a scroll of amnesia {unknown}
Potions
 b - 2 potions of haste
 e - 2 potions of curing
 f - a potion of lignification
 i - a potion of brilliance
 k - a potion of heal wounds
 l - 3 potions of flight


   Skills:
 + Level 3.1 Fighting
 + Level 3.0 Dodging
 * Level 5.0 Unarmed Combat
 + Level 3.0 Spellcasting
 * Level 4.5 Transmutations
 * Level 1.8 Ice Magic
 - Level 2.0 Poison Magic


You had 4 spell levels left.
You knew the following spells:

 Your Spells              Type           Power      Damage    Failure   Level
a - Beastly Appendage     Tmut           30%        N/A       3%          1
b - Spider Form           Tmut/Pois      12%        N/A       16%         3
c - Ice Form              Ice/Tmut       11%        N/A       47%         4

Your spell library contained the following spells:

 Spells                   Type           Power      Damage    Failure   Level
 Wereblood                Tmut           15%        N/A       4%          2
 Slow                     Hex            8%         N/A       21%         1
 Summon Small Mammal      Summ           8%         N/A       21%         1
 Ozocubu's Armour         Ice            7%         N/A       28%         3
 Call Canine Familiar     Summ           2%         N/A       52%         3
 Confusing Touch          Hex            2%         N/A       52%         3
 Summon Guardian Golem    Hex/Summ       2%         N/A       52%         3
 Vampiric Draining        Necr           2%         2d6       52%         3
 Fulminant Prism          Conj/Hex       1%         3d6       89%         4
 Iskenderun's Mystic Bla  Conj/Tloc      2%         2d3       89%         4
 Lee's Rapid Deconstruct  Erth           1%         3d5*      99%         5
 Ozocubu's Refrigeration  Ice            3%         4d5       100%        7


Dungeon Overview and Level Annotations

Branches:
Dungeon (5/15)
 Temple: D:4-7

Altars:
Cheibriados
Nemelex Xobeh


Innate Abilities, Weirdness & Mutations

You can breathe blasts of scalding, opaque steam.
Your pale cyan-grey scales are hard. (AC +6)
You cannot fit into any form of body armour.
You are cold-blooded and may be slowed by cold attacks.
You are immune to the effects of steam.


Message History

Your Dodging skill increases to level 3!
Your Unarmed Combat skill increases to level 5!
An acid dragon is nearby!
Found a glowing quarterstaff.
The acid dragon roars!
An acid dragon is nearby!
An acid dragon is nearby!
Okay, then.
You feel very mighty all of a sudden. The acid dragon spits acid at you.
The splash of acid hits you!! The acid corrodes you!
Found 12 gold pieces.
You bite the acid dragon!
The acid dragon is moderately wounded.
The acid dragon closely misses you. The acid dragon misses you.
You hit the acid dragon.
The acid dragon is heavily wounded.
The acid dragon completely misses you. The acid dragon misses you.
You barely miss the acid dragon.
The acid dragon is heavily wounded.
The acid dragon bites you! The acid dragon misses you.
You hit the acid dragon.
The acid dragon is heavily wounded.
Your transformation has ended.
The acid dragon bites you.
* * * LOW HITPOINT WARNING * * *
The acid dragon claws you but does no damage.
You completely miss the acid dragon.
Your tail-slap misses the acid dragon.
The acid dragon is heavily wounded.
The acid dragon bites you.
* * * LOW HITPOINT WARNING * * *
The acid dragon claws you.
* * * LOW HITPOINT WARNING * * *
You punch the acid dragon!
The acid dragon is almost dead.
You hit the acid dragon but do no damage.
The acid dragon is almost dead.
The acid dragon spits acid at you. The splash of acid hits you!!
You die...

#......###### #.#.#
............###.#.#
#..s#...#....##.#.#
#...#.#........#
### .#)..#..###..#
#.. ......))....#
#.)# #..
...#...#....#
##.########.. #
#...#.#...#
#..........#
#...#...#@.#
#>.........#
..........D.#
#..........#
...#...#....#
#.)........#
#.#...#)#...#
#..........#
.#...#..#
#..........#
........#
############
#...#....# ...
$#..##


You could see an acid dragon (catching breath).

Vanquished Creatures
  4 scorpions (D:5)
  A wyvern zombie (D:5)
  2 hounds (D:4)
  2 iguanas
  Jessica (D:3)
  Ijyb (D:3)
  An orc wizard (D:5)
  A scorpion zombie (D:5)
  8 adders
  3 ufetubi
  2 worms
  6 dart slugs
  5 orcs
  5 bats
  7 endoplasms
  2 giant cockroaches
  14 goblins
  7 hobgoblins
  6 jackals
  8 kobolds
  A quokka (D:4)
  8 ball pythons
  7 frilled lizards
  8 rats
110 creatures vanquished.

Vanquished Creatures (others)
  2 plants (D:3)
2 creatures vanquished.

Grand Total: 112 creatures vanquished

Notes
Turn   | Place    | Note
-------+----------+-------------------------------------------
     0 | D:1      | kae the Draconian Transmuter began the quest for the Orb.
     0 | D:1      | Reached XP level 1. HP: 16/16 MP: 3/3
   146 | D:1      | Reached XP level 2. HP: 20/23 MP: 3/5
   918 | D:1      | Reached XP level 3. HP: 28/28 MP: 6/6
   922 | D:1      | Learned a level 3 spell: Spider Form
  1157 | D:1      | Found a faded altar of an unknown god.
  1681 | D:2      | Reached XP level 4. HP: 36/36 MP: 5/7
  1894 | D:2      | Reached skill level 1 in Poison Magic
  2070 | D:3      | Noticed Jessica
  2181 | D:3      | Killed Jessica
  2707 | D:3      | Reached XP level 5. HP: 41/41 MP: 6/8
  2919 | D:3      | Noticed Ijyb
  2939 | D:3      | Killed Ijyb
  3301 | D:3      | Found a sparkling altar of Nemelex Xobeh.
  3674 | D:4      | Reached skill level 4 in Unarmed Combat
  3971 | D:4      | Found a snail-covered altar of Cheibriados.
  3971 | D:4      | Noticed a torpor snail
  3971 | D:4      | Noticed a torpor snail
  3973 | D:4      | Noticed a torpor snail
  4023 | D:4      | Reached XP level 6. HP: 50/50 MP: 5/9
  5048 | D:5      | Entered Level 5 of the Dungeon
  5140 | D:5      | Noticed a troll
  5218 | D:5      | Learned a level 4 spell: Ice Form
  5519 | D:5      | Reached skill level 1 in Ice Magic
  5525 | D:5      | Your scales start taking on a pale cyan-grey colour.
  5525 | D:5      | Reached XP level 7. HP: 29/56 MP: 7/11
  5525 | D:5      | Gained mutation: You are immune to the effects of steam.
                  | [Pale Draconian growth]
  5844 | D:5      | Reached skill level 5 in Unarmed Combat
  5854 | D:5      | Killed from afar by an acid dragon

Illustrated notes

Levels and vault maps discovered:
D:1:      heliophobic_arrival_battle_scene, layout_loops_cross,
          shapermc_ecumenical_altar_mp_vishouse
D:2:      layout_basic
D:3:      layout_loops_ring, mainiacjoe_overflow_tiny_flanked,
          chequers_big_river, uniq_jessica, uniq_ijyb
D:4:      kennysheep_spiral_hall, layout_basic, cheibriados_altar_2
D:5:      cheibrodos_fzero, layout_basic, nicolae_dithmenos_the_darkroom,
          general_overflow_altar, amcnicky_mini_rare_corridor_liquid,
          dk_vineyard_1, lemuel_flame_loot_1, uniq_menkaure

Skill      XL: |  1  2  3  4  5  6  7 |
---------------+----------------------+-----
Dodging        | 2 3 |  3.0
Poison Magic   | 1 2 |  2.0
Fighting       | 2 3 |  3.1
Transmutations | 3 4 |  4.5
Unarmed Combat | 4 5 |  5.0
Ice Magic      | 1 |  1.8
Spellcasting   | 3 |  3.0

Action                   |  1- 3 |  4- 6 |  7- 9 || total
-------------------------+-------+-------+-------++-------
Melee: Unarmed           |    99 |   235 |    31 ||   365
       Kick              |    14 |    11 |       ||    25
       Tailslap          |     7 |     8 |       ||    15
       Headbutt          |     2 |     7 |       ||     9
       Punch             |     1 |     1 |       ||     2
 Cast: Beastly Appendage |    21 |    22 |       ||    43
       Spider Form       |       |    21 |     5 ||    26
 Abil: Breathe Steam     |       |       |     1 ||     1
  Use: Scroll            |       |    11 |       ||    11
       Potion            |       |     1 |     1 ||     2
 Stab: Sleeping          |     1 |       |       ||     1
       Distracted        |       |     1 |       ||     1
Armor: Skin              |    32 |    55 |     2 ||    89
Dodge: Dodged            |    75 |   209 |    29 ||   313

Table legend: (Time is in decaauts)
 A = Elapsed time spent in this place.
 B = Non-inter-level travel time spent in this place.
 C = Inter-level travel time spent in this place.
 D = Time resting spent in this place.
 E = Time spent auto-exploring this place.
 F = Levels seen in this place.
 G = Mean time per level.
                   A        B        C        D        E       F      G
               +--------+--------+--------+--------+--------+-----+--------+
         Total |   5842 |   5734 |    108 |    296 |   4492 |   5 | 1168.4 |
       Dungeon |   5842 |   5734 |    108 |    296 |   4492 |   5 | 1168.4 |
               +--------+--------+--------+--------+--------+-----+--------+

Top non-repeatable levels by time:
     D:4: 1505 daAuts
     D:3: 1326 daAuts
     D:1: 1218 daAuts
     D:2: 1034 daAuts
     D:5: 758 daAuts
